 Dungeon Crawl Stone Soup version 0.27.1-33-g824d729ab1 (webtiles) character file.

Game seed: 8465137264173783691

13579 safid the Severer (level 12, -1/97 HPs)
             Began as a Hill Orc Fighter on Nov 26, 2021.
             Was an Elder of Beogh.
             Slain by an orc warlord (47 damage)
             ... on level 2 of the Orcish Mines.
             The game lasted 00:36:12 (13562 turns).

safid the Severer (Hill Orc Fighter)               Turns: 13562, Time: 00:36:12

Health: -1/97      AC: 15    Str: 24    XL:     12   Next: 7%
Magic:  14/16      EV:  6    Int:  8    God:    Beogh [****..]
Gold:   722        SH: 15    Dex: 22    Spells: 11/11 levels left

rFire    . . .     SeeInvis .   B - +4 war axe (flame)
rCold    . . .     Faith    .   c - +0 kite shield
rNeg     + . .     Spirit   .   k - +0 plate armour
rPois    .         Reflect  .   h - +0 hat of Yklucw {rN+ Dex+6}
rElec    .         Harm     .   (no cloak)
rCorr    .         Rampage  .   v - +0 pair of gloves
Will     +....                  F - +2 pair of boots
Stlth    ..........             (no amulet)
HPRegen  0.26/turn              j - ring of flight
MPRegen  0.15/turn              t - +6 ring of dexterity

@: mighty, flying
A: horns 1, strong-willed 1
a: Renounce Religion, Smiting, Recall Orcish Followers


You were on level 2 of the Orcish Mines.
You worshipped Beogh.
Beogh was greatly pleased with you.
You visited 2 branches of the dungeon, and saw 13 of its levels.
You also visited: Sewer.

You collected 1117 gold pieces.
You spent 395 gold pieces at shops.

Inventory:

Hand Weapons
 B - a +4 war axe of flaming (weapon)
Missiles
 w - 6 javelins
 x - a curare-tipped dart
 y - 36 poisoned darts (quivered)
Armour
 c - a +0 kite shield (worn)
 h - the +0 hat of Yklucw (worn) {rN+ Dex+6}
   (You acquired it on level 8 of the Dungeon)

   Dex:       It affects your dexterity (+6).
   rN:        It protects you from negative energy.
 k - a +0 plate armour (worn)
 m - a +2 ring mail of willpower
 n - a +2 chain mail of poison resistance
 v - a +0 pair of gloves (worn)
 F - a +2 pair of boots (worn)
Jewellery
 j - a ring of flight (left hand)
 t - a +6 ring of dexterity (right hand)
Wands
 a - a wand of polymorph (4)
 e - a wand of digging (4)
 D - a wand of flame (11)
Scrolls
 l - 3 scrolls of identify
 s - 6 scrolls of teleportation
 E - 2 scrolls of blinking
 H - a scroll of fog
Potions
 b - a potion of haste {unknown}
 d - a potion of might
 f - 3 potions of heal wounds
 g - 4 potions of lignification
 i - a potion of resistance {unknown}
 p - 8 potions of curing
 A - 6 potions of cancellation


   Skills:
 + Level 6.3 Fighting
 + Level 15.8 Axes
 - Level 3.2 Armour
 + Level 13.8 Shields
 + Level 5.5 Invocations


You had 11 spell levels left.
You didn't know any spells.
Your spell library contained the following spells:

 Spells                   Type           Power      Damage    Failure   Level
 Beastly Appendage        Tmut           0%         N/A       100%        1
 Shock                    Conj/Air       0%         1d3       100%        1
 Sublimation of Blood     Necr           0%         N/A       100%        2
 Wereblood                Tmut           0%         N/A       100%        2
 Spider Form              Tmut/Pois      0%         N/A       100%        3
 Swiftness                Air            0%         N/A       100%        3
 Airstrike                Air            0%         N/A       100%        4
 Olgreb's Toxic Radiance  Pois           0%         N/A       100%        4
 Ozocubu's Refrigeration  Ice            0%         4d5       100%        7
 Summon Hydra             Summ           0%         N/A       100%        7
 Ignition                 Fire           0%         3d3       100%        8
 Maxwell's Capacitive Co  Air            0%         ∞         100%        8
 Chain Lightning          Conj/Air       0%         N/A       100%        9


Dungeon Overview and Level Annotations

Branches:
Dungeon (11/15)            Temple (0/1) D:6             Orc (2/2) D:10
    Elf (0/3) Orc:2         Sewer (visited)
   Lair: D:8-11

Altars:
Elyvilon
Fedhas
Makhleb
Okawaru
Ru
Sif Muna
Uskayaw

Shops:
D:7 =   D:8 !?(!   D:9 ?   D:11 :   Orc:1 *   Orc:2 [(

Annotations:
D:9 exclusions: oklob plant and oklob sapling
Orc:2 Snorg


Innate Abilities, Weirdness & Mutations

You have a pair of small horns on your head.
You are strong-willed. (Will+)


Message History

Things that are here:
a +0 mace; an orc corpse You hit the orc warlord.
You burn the orc warlord.
The orc warlord is lightly wounded.
The orc high priest no longer looks unusually strong.
Something hits the sun demon.
Your orc warrior hits the sun demon from afar with a +0 trident!!
The orc warlord roars a battlecry!
The orc high priest goes into a battle-frenzy!
The sun demon hits something!!
Something is engulfed in flames!
Your orc knight misses the sun demon.
Your orc priest closely misses the sun demon.
Your neqoxec barely misses the sun demon.
You slash the orc warlord! You burn the orc warlord.
You headbutt the orc warlord!
The orc warlord is moderately wounded.
Your orc warrior misses the sun demon.
Something closely misses the sun demon.
Your orc warrior hits the sun demon from afar with a +0 trident!
The sun demon dies!
The sun demon disappears in a puff of smoke!
The orc warlord hits you with a +0 bardiche.
The orc knight roars a battlecry!
The orc warlord goes into a battle-frenzy!
You slash the orc warlord! You burn the orc warlord.
You headbutt the orc warlord!
The orc warlord is heavily wounded.
Something closely misses the orc knight.
Unknown command.
You hit the orc warlord but do no damage.
You headbutt the orc warlord.
The orc warlord is heavily wounded.
A nearby fungus withers and dies.
You block the orc warlord's attack.
Unknown command.
You slash the orc warlord! You burn the orc warlord.
The orc warlord is severely wounded.
Your orc warrior no longer looks unusually strong.
Something hits the orc knight.
The orc warlord hits you with a +0 bardiche!!!
You die...
Beogh appreciates the orc warlord's killing of a heretic priest.

#............<#.......
#.......##....#.......
#.......$......#......
##....#.....).........
#...........)......#..
##..............o...#.
#....#####...o.3.....
##.#.# #..)ooo3....
##.. ##.#@##)..#> ##
####oo..... 3T.....
o....P. .......
.....P. ..∩....
......P


You could see an orc warlord (strong, ally target), Snorg, an orc knight
(strong), an orc high priest (strong), a sixfirhy (summoned), a friendly orc
knight (strong), a friendly soul eater (summoned), a friendly neqoxec
(summoned), a friendly orc warrior, a friendly orc priest (strong), a friendly
orc wizard (strong, invisible) and a friendly orc (strong).

Vanquished Creatures
  A centaur warrior (D:8)
  3 two-headed ogres
  Nergalle (D:10)
  Pikel (D:8)
  A cyclops (Orc:1)
  Joseph (D:8)
  2 trolls
  Grinder (D:6)
  A hornet (D:9)
  2 vampires
  Eustachio (D:6)
  A warg (Orc:2)
  An acid dragon (D:11)
  Duvessa (D:4)
  A water moccasin (D:9)
  A hornet zombie (D:7)
  2 sky beasts (D:6)
  11 orc warriors
  A black bear (D:5)
  A necrophage (D:7)
  3 ogres
  5 centaurs
  3 lemures (D:8)
  3 kobold brigands
  5 scorpions
  2 gnoll sergeants
  5 bullfrogs
  Dowan (D:4)
  3 water moccasin skeletons
  3 wights (D:8)
  A howler monkey (D:6)
  2 lava snakes (D:7)
  A bullfrog zombie (D:3)
  2 centaur zombies
  4 hounds
  6 orc priests
  2 centaur skeletons
  A gnoll shaman (D:7)
  6 iguanas
  14 orc wizards
  A killer bee zombie (D:7)
  A hound skeleton (D:4)
  A howler monkey zombie (D:9)
  Robin (D:2)
  12 gnolls
  8 adders
  4 river rats
  A white imp (D:7)
  A worm (D:2)
  4 dart slugs
  47 orcs
  12 ball pythons
  4 bats
  4 endoplasms
  5 giant cockroaches
  19 goblins
  6 hobgoblins
  3 jackals
  17 kobolds
  4 quokkas
  7 frilled lizards
  12 rats
281 creatures vanquished.

Vanquished Creatures (collateral kills)
  Rupert (Orc:2)
  A two-headed ogre (Orc:1)
  An orc high priest (Orc:2)
  An orc sorcerer (Orc:2)
  2 wargs (Orc:2)
  3 orc warriors
  2 ogres (Orc:1)
  2 orc wizards (Orc:1)
  5 orcs (Orc:1)
18 creatures vanquished.

Vanquished Creatures (others)
  An orc knight (Orc:2)
  5 orc warriors
  3 orc wizards
  8 orcs
  A demonic plant (D:2)
  6 fungi (Orc:2)
  11 plants (D:9)
35 creatures vanquished.

Grand Total: 334 creatures vanquished

Notes
Turn   | Place    | Note
-------+----------+-------------------------------------------
     0 | D:1      | safid the Hill Orc Fighter began the quest for the Orb.
     0 | D:1      | Reached XP level 1. HP: 19/19 MP: 1/1
   220 | D:1      | Reached skill level 3 in Axes
   255 | D:1      | Reached XP level 2. HP: 24/26 MP: 2/2
   754 | D:2      | Reached XP level 3. HP: 19/31 MP: 3/3
   990 | D:2      | Reached skill level 4 in Axes
  1202 | D:2      | Noticed Robin
  1353 | D:2      | Killed Robin
  1354 | D:2      | Reached XP level 4. HP: 38/39 MP: 4/4
  1421 | D:2      | Found a faded altar of an unknown god.
  1893 | D:3      | Reached skill level 5 in Axes
  1893 | D:3      | Reached skill level 5 in Shields
  1893 | D:3      | Reached XP level 5. HP: 32/45 MP: 5/5
  2239 | D:3      | Reached XP level 6. HP: 38/51 MP: 6/6
  2336 | D:3      | Reached skill level 6 in Axes
  2803 | D:4      | Noticed Duvessa
  2804 | D:4      | Noticed Dowan
  2811 | D:4      | Killed Duvessa
  2819 | D:4      | Killed Dowan
  2967 | D:4      | Reached skill level 7 in Axes
  2967 | D:4      | Reached XP level 7. HP: 37/57 MP: 7/7
  3067 | D:4      | Found a glowing drain.
  3087 | Sewer    | Entered a sewer
  3445 | Sewer    | Found a glowing silver altar of Zin.
  4165 | D:5      | Entered Level 5 of the Dungeon
  4174 | D:5      | Reached skill level 8 in Axes
  4244 | D:5      | Became a worshipper of Beogh the Brigand
  4369 | D:5      | Reached XP level 8. HP: 64/64 MP: 8/8
  4369 | D:5      | Got the Handbook of Flight
  4711 | D:5      | Reached skill level 9 in Axes
  5409 | D:6      | Noticed Grinder
  5428 | D:6      | Paralysed by Grinder for 2 turns
  5562 | D:6      | Paralysed by Grinder for 2 turns
  5569 | D:6      | Killed Grinder
  5570 | D:6      | Reached skill level 10 in Axes
  5748 | D:6      | Reached XP level 9. HP: 54/70 MP: 9/9
  5920 | D:6      | Identified the +4 ring mail "Suar" {rElec rPois rF+ rN+}
  6037 | D:6      | Found a staircase to the Ecumenical Temple.
  6284 | D:6      | Noticed Eustachio
  6334 | D:6      | Killed Eustachio
  6335 | D:6      | Reached skill level 11 in Axes
  6910 | D:7      | Reached skill level 10 in Shields
  7284 | D:7      | Reached * piety under Beogh
  7654 | D:7      | Found an iron altar of Okawaru.
  7660 | D:7      | Found a hide-covered altar of Uskayaw.
  7663 | D:7      | Found a shimmering blue altar of Sif Muna.
  7761 | D:7      | Found Gamoajepp's Jewellery Emporium.
  7769 | D:7      | Reached skill level 12 in Axes
  7935 | D:8      | Noticed Pikel
  7952 | D:8      | Killed Pikel
  7953 | D:8      | Reached XP level 10. HP: 32/77 MP: 10/10
  8176 | D:8      | Found Itanem's Magic Scroll Boutique.
  8214 | D:8      | Bought a scroll of teleportation for 36 gold pieces
  8214 | D:8      | Bought a scroll of fog for 24 gold pieces
  8214 | D:8      | Bought a scroll of teleportation for 36 gold pieces
  8214 | D:8      | Bought a scroll of immolation for 42 gold pieces
  8214 | D:8      | Bought a scroll of amnesia for 42 gold pieces
  8214 | D:8      | Bought a scroll of teleportation for 36 gold pieces
  8214 | D:8      | Bought a scroll of identify for 24 gold pieces
  8214 | D:8      | Bought a scroll of enchant armour for 90 gold pieces
  8232 | D:8      | Noticed a centaur warrior
  8242 | D:8      | Killed a centaur warrior
  8243 | D:8      | Reached skill level 13 in Axes
  8388 | D:8      | Found Qisudub's Distillery.
  8390 | D:8      | Found Loimol's Weapon Boutique.
  8417 | D:8      | Noticed Joseph
  8557 | D:8      | Killed Joseph
  8835 | D:8      | Found Dupuy's Distillery.
  8850 | D:8      | Bought a potion of heal wounds for 65 gold pieces
  8900 | D:8      | Identified a scroll of acquirement
  8900 | D:8      | Acquired the +0 hat of Yklucw {rN+ Dex+6}
  8944 | D:8      | Gained mutation: You are strong-willed. (Will+) [potion of
                  | mutation]
  8944 | D:8      | Gained mutation: You have a pair of small horns on your
                  | head. [potion of mutation]
  9479 | D:9      | Reached ** piety under Beogh
  9582 | D:9      | Noticed an oklob plant
  9801 | D:9      | Found Naegras's Magic Scroll Boutique.
  9863 | D:9      | Reached skill level 14 in Axes
 10002 | D:9      | Found a sacrificial altar of Ru.
 10002 | D:9      | Found a white marble altar of Elyvilon.
 10204 | D:10     | Entered Level 10 of the Dungeon
 10211 | D:10     | Noticed Nergalle
 10396 | D:10     | Found a staircase to the Orcish Mines.
 10533 | D:10     | Reached *** piety under Beogh
 10562 | D:10     | Reached XP level 11. HP: 44/82 MP: 11/11
 10565 | D:10     | Found a blossoming altar of Fedhas.
 10619 | D:10     | Found a flagged portal.
 11148 | D:10     | Killed Nergalle
 11265 | D:10     | Noticed a two-headed ogre
 11271 | D:10     | Killed a two-headed ogre
 11272 | D:10     | Reached skill level 15 in Axes
 11587 | Orc:1    | Entered Level 1 of the Orcish Mines
 11587 | Orc:1    | Found a burning altar of Makhleb.
 11590 | Orc:1    | Noticed a two-headed ogre
 11607 | D:10     | Killed a two-headed ogre
 11608 | D:10     | Reached skill level 1 in Invocations
 11802 | D:11     | Found Viugur's Book Shoppe.
 11828 | D:11     | Noticed a two-headed ogre
 11836 | D:11     | Killed a two-headed ogre
 12269 | Orc:1    | Found Galisumn's Assorted Antiques.
 12293 | Orc:1    | Noticed a cyclops
 12303 | Orc:1    | Killed a cyclops
 12304 | Orc:1    | Noticed an orc sorcerer
 12324 | Orc:1    | Reached skill level 5 in Fighting
 12328 | Orc:1    | Reached **** piety under Beogh
 12939 | Orc:1    | Noticed a two-headed ogre
 12949 | Orc:1    | Killed a two-headed ogre
 13129 | Orc:2    | Entered Level 2 of the Orcish Mines
 13133 | Orc:2    | Noticed an orc knight
 13134 | Orc:2    | Found Qatt's Antique Armour Boutique.
 13541 | Orc:2    | Noticed an orc sorcerer
 13543 | Orc:2    | Noticed an orc knight
 13543 | Orc:2    | Noticed an orc high priest
 13546 | Orc:2    | Noticed an orc knight
 13546 | Orc:2    | Noticed Rupert
 13547 | Orc:2    | Noticed an orc high priest
 13549 | Orc:2    | Found a staircase to the Elven Halls.
 13549 | Orc:2    | Noticed an orc warlord
 13551 | Orc:2    | Found Tiujinec's Antique Weapon Emporium.
 13551 | Orc:2    | Noticed a sun demon
 13552 | Orc:2    | Noticed a sixfirhy
 13553 | Orc:2    | Killed an orc sorcerer
 13555 | Orc:2    | Killed Rupert
 13555 | Orc:2    | Noticed Snorg
 13555 | Orc:2    | Killed an orc high priest
 13556 | Orc:2    | Reached skill level 5 in Invocations
 13556 | Orc:2    | Reached XP level 12. HP: 61/97 MP: 14/16
 13562 | Orc:2    | Slain by an orc warlord

Illustrated notes

Levels and vault maps discovered:
D:1:      nagdon_arrival_zigzag_paths, layout_basic
D:2:      layout_rooms, dreamdust_ecumenical_altar_sealed_demon, uniq_robin
D:3:      layout_basic
D:4:      layout_loops_ring, portal_sewer_entry_b, uniq_duvessa
D:5:      layout_loops_ring, kennysheep_another_room
D:6:      layout_loops_ring, temple_fountains, uniq_grinder, uniq_eustachio
D:7:      layout_cave_pools, grunt_temple_overflow_diamond, kennysheep_diamond,
          minmay_a_box_with_orc_wizards_in_it
D:8:      layout_rooms, serial_shops, nicolae_diamond_shop,
          nicolae_shop_window_shopping, shop, shop,
          chequers_serial_rivers_small_3, uniq_joseph, uniq_pikel
D:9:      layout_big_octagon, gammafunk_temple_overflow_wave, serial_shops,
          shop, introduction_to_nature_1
D:10:     layout_cave_pools, mainiacjoe_overflow_alcove_2, hiddenorc1_lemuel,
          enter_bailey_5, uniq_nergalle
D:11:     layout_irregular_city, lair_entry_dummy,
          maelrawn_ghost_gauntlet_escape, serial_shops, nicolae_square_shop
Orc:1:    layout_caves, serial_shops, nicolae_shop_behind_doors, basic_altar
Orc:2:    grunt_orc_gardens, layout_caves, grunt_orc_garden, grunt_orc_garden,
          grunt_orc_garden, grunt_orc_garden, uniq_rupert, uniq_snorg

Skill      XL: |  1  2  3  4  5  6  7  8  9 10 11 |
---------------+----------------------------------+-----
Axes           | 3 4 5 7 8 10 12 14 15 | 15.8
Shields        | 4 5 6 7 9 11 12 13 | 13.8
Fighting       | 6 |  6.3
Invocations    | 5 |  5.5
Armour         | |  3.2

Action                   |  1- 3 |  4- 6 |  7- 9 | 10-12 || total
-------------------------+-------+-------+-------+-------++-------
Melee: War axe           |   109 |   117 |   338 |   306 ||   870
       Headbutt          |       |       |       |    79 ||    79
Throw: Javelin           |       |       |     3 |       ||     3
       Dart              |       |       |       |     6 ||     6
Invok: Convert to Beogh  |       |       |     1 |       ||     1
  Use: Potion            |       |     1 |     1 |     8 ||    10
       Scroll            |       |       |     5 |    11 ||    16
 Stab: Held in net/web   |       |       |       |     2 ||     2
       Distracted        |       |       |       |     1 ||     1
Armor: Scale mail        |    43 |    52 |   142 |    68 ||   305
       Plate armour      |       |       |       |    28 ||    28
Dodge: Dodged            |    32 |    39 |    85 |    77 ||   233
Block: Kite shield       |    56 |    69 |   183 |   220 ||   528
